[ AOE2 MATCH · #463660000 ]
UnrankedBurgundians vs Italians
Rival team · LOSS
[ REPLAY ANALYSIS · EXTRACTED FROM THE RECORDED GAME ]
Feudal
12:01
Castle
17:23
Imperial
38:09
| APM avg | 19.8 |
| APM peak | 53 |
| eAPM avg | 13.0 |
| Villagers / military | 102 / 106 |
Focus
⚔️ 30.1% · 🌾 69.9%
Coustillier ×57 · Skirmisher ×31 · Fishing Ship ×9 · Galley ×6 · Demolition Raft ×4 · Battering Ram ×3
Feudal
9:46
Castle
17:04
Imperial
31:53
| APM avg | 30.6 |
| APM peak | 63 |
| eAPM avg | 17.1 |
| Villagers / military | 82 / 81 |
Focus
⚔️ 30.8% · 🌾 69.2%
Hand Cannoneer ×37 · Scout Cavalry ×15 · Knight ×11 · Trebuchet (Packed) ×7 · Cavalry Archer ×6 · Monk ×2
Match map
Initial resources + every placement click. Lines = walls · curves = elevation contours. ◆ gold · ⬟ stone · ● berries · ✦ relic · ◌ wall gap
Your base· ✓ Closed at 17:23 · 5t walls · no gate
Juancho Talarga's base· ✓ Closed at 17:04 · 47t walls · no gate
Smoothed initial terrain · ◌ = detected wall gap · hover for details
Inputs per minute
— koray - - Juancho Talarga
Build order — koray
First 150 of 342 actions detected
| 0:00 | Create | Villager (Male) |
| 0:01 | Create | Villager (Male) |
| 0:01 | Create | Villager (Male) |
| 0:03 | Build | House |
| 0:05 | Build | House |
| 0:32 | Create | Villager (Male) |
| 1:32 | Create | Villager (Male) |
| 2:05 | Build | Lumber Camp |
| 2:06 | Create | Villager (Male) |
| 2:27 | Create | Villager (Male) |
| 2:50 | Create | Villager (Male) |
| 3:01 | Research | Loom |
| 3:06 | Create | Villager (Male) |
| 3:33 | Build | House |
| 3:37 | Create | Villager (Male) |
| 3:58 | Create | Villager (Male) |
| 4:33 | Create | Villager (Male) |
| 5:20 | Build | Dock |
| 5:26 | Create | Villager (Male) |
| 5:27 | Create | Villager (Male) |
| 5:34 | Build | House |
| 5:44 | Build | House |
| 6:00 | Create | Fishing Ship |
| 6:00 | Create | Fishing Ship |
| 6:11 | Create | Villager (Male) |
| 6:11 | Create | Villager (Male) |
| 6:33 | Create | Villager (Male) |
| 6:49 | Create | Villager (Male) |
| 6:54 | Create | Fishing Ship |
| 7:10 | Build | House |
| 7:12 | Build | House |
| 7:13 | Build | House |
| 7:33 | Create | Villager (Male) |
| 7:45 | Build | Mill |
| 7:58 | Create | Fishing Ship |
| 8:41 | Build | House |
| 8:54 | Build | House |
| 9:01 | Create | Villager (Male) |
| 9:02 | Create | Villager (Male) |
| 9:03 | Create | Fishing Ship |
| 9:45 | Build | Barracks |
| 9:47 | Create | Villager (Male) |
| 9:51 | Research | Feudal Age |
| 10:49 | Create | Villager (Male) |
| 10:49 | Create | Villager (Male) |
| 12:01 | Age | Feudal Age |
| 12:20 | Build | Blacksmith |
| 12:33 | Build | Archery Range |
| 12:51 | Create | Villager (Male) |
| 12:53 | Research | Double-Bit Axe |
| 12:55 | Research | Horse Collar |
| 13:25 | Build | Market |
| 13:43 | Build | House |
| 13:44 | Build | House |
| 13:46 | Create | Villager (Male) |
| 13:47 | Create | Villager (Male) |
| 14:05 | Create | Villager (Male) |
| 14:13 | Build | Palisade Wall |
| 14:32 | Build | House |
| 14:42 | Research | Castle Age |
| 14:59 | Build | House |
| 15:27 | Build | House |
| 15:29 | Build | House |
| 15:31 | Build | House |
| 15:33 | Build | House |
| 15:34 | Build | House |
| 15:40 | Create | Villager (Male) |
| 15:56 | Research | Bow Saw |
| 16:13 | Build | Mining Camp |
| 16:46 | Create | Villager (Male) |
| 17:04 | Build | Palisade Wall |
| 17:12 | Create | Villager (Male) |
| 17:23 | Age | Castle Age |
| 17:28 | Build | Town Center |
| 17:32 | Create | Villager (Male) |
| 17:33 | Create | Villager (Male) |
| 17:38 | Build | Town Center |
| 17:49 | Build | Palisade Wall |
| 17:50 | Build | Palisade Wall |
| 18:12 | Create | Villager (Male) |
| 18:12 | Create | Villager (Male) |
| 18:12 | Create | Villager (Male) |
| 18:23 | Build | House |
| 18:51 | Build | Palisade Wall |
| 18:52 | Build | Palisade Wall |
| 19:10 | Create | Galley |
| 19:10 | Create | Galley |
| 19:10 | Create | Galley |
| 19:15 | Research | Fletching |
| 19:18 | Create | Villager (Male) |
| 19:19 | Create | Villager (Male) |
| 19:19 | Create | Villager (Male) |
| 19:19 | Create | Villager (Male) |
| 19:27 | Create | Villager (Male) |
| 19:27 | Create | Villager (Male) |
| 19:27 | Create | Villager (Male) |
| 19:37 | Build | House |
| 19:42 | Create | Villager (Male) |
| 19:48 | Create | Archer |
| 19:52 | Create | Villager (Male) |
| 20:22 | Create | Villager (Male) |
| 20:23 | Create | Villager (Male) |
| 20:30 | Create | Villager (Male) |
| 20:30 | Create | Villager (Male) |
| 20:37 | Create | Galley |
| 20:37 | Create | Galley |
| 20:53 | Research | Stone Mining |
| 21:02 | Create | Villager (Male) |
| 21:11 | Create | Villager (Male) |
| 21:20 | Build | Mining Camp |
| 21:32 | Build | Lumber Camp |
| 22:02 | Create | Villager (Male) |
| 22:02 | Create | Villager (Male) |
| 22:11 | Create | Galley |
| 22:37 | Build | Siege Workshop |
| 22:44 | Build | House |
| 22:47 | Build | House |
| 22:58 | Create | Villager (Male) |
| 23:16 | Build | Castle |
| 23:29 | Create | Mangonel |
| 23:38 | Create | Villager (Male) |
| 23:38 | Create | Villager (Male) |
| 24:11 | Create | Villager (Male) |
| 24:26 | Build | Farm |
| 24:26 | Build | Farm |
| 24:26 | Build | Farm |
| 24:26 | Build | Farm |
| 24:27 | Build | Farm |
| 24:27 | Build | Farm |
| 24:27 | Build | Farm |
| 24:27 | Build | Farm |
| 24:28 | Build | Farm |
| 24:28 | Build | Farm |
| 24:28 | Build | Farm |
| 24:28 | Build | Farm |
| 24:28 | Build | Farm |
| 24:29 | Build | Farm |
| 24:29 | Build | Farm |
| 24:32 | Build | Farm |
| 24:32 | Build | Farm |
| 24:33 | Build | Farm |
| 24:33 | Build | Farm |
| 24:33 | Build | Farm |
| 24:33 | Build | Farm |
| 24:34 | Build | Farm |
| 24:38 | Create | Villager (Male) |
| 24:49 | Create | Villager (Male) |
| 24:49 | Create | Villager (Male) |
| 24:49 | Create | Villager (Male) |
| 24:49 | Create | Villager (Male) |
Build order — Juancho Talarga
First 150 of 287 actions detected
| 0:01 | Create | Villager (Male) |
| 0:02 | Create | Villager (Male) |
| 0:02 | Create | Villager (Male) |
| 0:02 | Create | Villager (Male) |
| 0:02 | Create | Villager (Male) |
| 0:04 | Build | House |
| 0:05 | Build | House |
| 1:30 | Create | Villager (Male) |
| 2:09 | Create | Villager (Male) |
| 2:14 | Build | Lumber Camp |
| 2:29 | Create | Villager (Male) |
| 2:57 | Create | Villager (Male) |
| 3:09 | Build | House |
| 3:17 | Create | Villager (Male) |
| 3:44 | Create | Villager (Male) |
| 4:35 | Create | Villager (Male) |
| 4:36 | Create | Villager (Male) |
| 4:36 | Create | Villager (Male) |
| 4:55 | Build | Mill |
| 5:19 | Create | Villager (Male) |
| 5:48 | Create | Villager (Male) |
| 6:11 | Create | Villager (Male) |
| 6:35 | Research | Loom |
| 7:36 | Research | Feudal Age |
| 8:15 | Build | House |
| 8:34 | Build | Palisade Wall |
| 8:49 | Build | Barracks |
| 9:09 | Create | Villager (Male) |
| 9:10 | Create | Villager (Male) |
| 9:46 | Build | Mining Camp |
| 9:46 | Age | Feudal Age |
| 9:50 | Build | Farm |
| 10:06 | Create | Villager (Male) |
| 10:06 | Research | Double-Bit Axe |
| 10:24 | Build | Market |
| 10:39 | Build | Palisade Wall |
| 10:46 | Build | Palisade Wall |
| 10:51 | Build | House |
| 10:57 | Create | Villager (Male) |
| 11:05 | Build | Farm |
| 11:24 | Build | Farm |
| 11:32 | Build | Palisade Wall |
| 11:41 | Build | Palisade Wall |
| 11:47 | Create | Villager (Male) |
| 11:48 | Create | Villager (Male) |
| 11:53 | Build | House |
| 12:01 | Create | Villager (Male) |
| 12:18 | Build | Blacksmith |
| 12:25 | Build | House |
| 12:26 | Create | Villager (Male) |
| 12:27 | Create | Villager (Male) |
| 12:50 | Build | Palisade Wall |
| 12:55 | Build | Farm |
| 13:20 | Build | Farm |
| 13:23 | Build | Farm |
| 13:32 | Build | Palisade Wall |
| 13:59 | Create | Villager (Male) |
| 14:03 | Build | Farm |
| 14:11 | Build | Palisade Wall |
| 14:16 | Build | House |
| 14:24 | Research | Castle Age |
| 14:27 | Build | Farm |
| 14:35 | Build | House |
| 14:39 | Build | House |
| 14:42 | Build | Palisade Wall |
| 14:45 | Build | Palisade Wall |
| 14:54 | Build | House |
| 14:59 | Research | Double-Bit Axe |
| 15:01 | Research | Horse Collar |
| 15:17 | Build | House |
| 15:46 | Build | Archery Range |
| 15:54 | Build | Palisade Wall |
| 16:00 | Build | Palisade Wall |
| 16:20 | Build | Palisade Wall |
| 16:26 | Create | Villager (Male) |
| 16:26 | Create | Villager (Male) |
| 16:28 | Research | Gold Mining |
| 16:44 | Create | Villager (Male) |
| 16:52 | Build | Stable |
| 17:04 | Create | Villager (Male) |
| 17:04 | Age | Castle Age |
| 17:39 | Build | Town Center |
| 17:45 | Create | Villager (Male) |
| 17:51 | Create | Villager (Male) |
| 17:59 | Create | Cavalry Archer |
| 17:59 | Create | Cavalry Archer |
| 18:19 | Create | Knight |
| 18:19 | Create | Knight |
| 18:58 | Build | Stable |
| 19:07 | Research | Forging |
| 19:13 | Create | Knight |
| 19:15 | Create | Villager (Male) |
| 19:16 | Create | Villager (Male) |
| 19:20 | Build | Farm |
| 19:24 | Build | Farm |
| 19:25 | Build | Farm |
| 19:46 | Create | Knight |
| 19:49 | Create | Knight |
| 19:57 | Build | Farm |
| 20:00 | Create | Villager (Male) |
| 20:08 | Create | Cavalry Archer |
| 20:30 | Create | Villager (Male) |
| 20:36 | Create | Villager (Male) |
| 21:05 | Build | Palisade Gate |
| 22:02 | Research | Fletching |
| 22:04 | Create | Villager (Male) |
| 22:04 | Create | Villager (Male) |
| 22:05 | Create | Villager (Male) |
| 22:05 | Create | Villager (Male) |
| 22:28 | Create | Knight |
| 22:29 | Create | Knight |
| 22:34 | Build | Monastery |
| 22:38 | Build | House |
| 22:47 | Create | Knight |
| 22:56 | Create | Villager (Male) |
| 23:04 | Build | Farm |
| 23:07 | Build | Farm |
| 23:25 | Create | Cavalry Archer |
| 23:25 | Create | Cavalry Archer |
| 23:25 | Create | Cavalry Archer |
| 24:03 | Create | Villager (Male) |
| 24:03 | Create | Villager (Male) |
| 24:04 | Create | Villager (Male) |
| 24:07 | Build | Farm |
| 24:07 | Build | Farm |
| 24:07 | Build | Farm |
| 24:07 | Build | Farm |
| 24:08 | Build | Farm |
| 24:08 | Build | Farm |
| 24:08 | Build | Farm |
| 24:08 | Build | Farm |
| 24:11 | Create | Villager (Male) |
| 24:20 | Create | Villager (Male) |
| 24:21 | Create | Villager (Male) |
| 24:32 | Build | Archery Range |
| 24:33 | Build | Archery Range |
| 24:41 | Create | Monk |
| 24:47 | Build | House |
| 24:48 | Build | House |
| 24:49 | Build | House |
| 24:56 | Create | Monk |
| 25:08 | Create | Villager (Male) |
| 25:08 | Create | Villager (Male) |
| 25:20 | Build | Mining Camp |
| 25:27 | Build | Farm |
| 26:16 | Build | Farm |
| 26:19 | Build | Farm |
| 26:32 | Create | Villager (Male) |
| 26:34 | Create | Villager (Male) |
| 26:37 | Build | House |
Match timeline
| 5:20 | koray · first_building Dock |
| 8:34 | Juancho Talarga · wall_segment Palisade Wall x13 |
| 8:49 | Juancho Talarga · first_building Barracks |
| 9:45 | koray · first_building Barracks |
| 9:46 | Juancho Talarga · age_up feudal |
| 10:39 | Juancho Talarga · wall_segment Palisade Wall x5 |
| 10:46 | Juancho Talarga · wall_segment Palisade Wall x4 |
| 11:32 | Juancho Talarga · wall_segment Palisade Wall x3 |
| 11:41 | Juancho Talarga · wall_segment Palisade Wall x4 |
| 12:01 | koray · age_up feudal |
| 12:33 | koray · first_building Archery Range |
| 12:50 | Juancho Talarga · wall_segment Palisade Wall x5 |
| 13:32 | Juancho Talarga · wall_segment Palisade Wall x4 |
| 14:11 | Juancho Talarga · wall_segment Palisade Wall x6 |
| 14:13 | koray · wall_segment Palisade Wall x4 |
| 14:39 | koray · first_market_sell 100 wood |
| 14:42 | Juancho Talarga · wall_segment Palisade Wall x1 |
| 14:45 | Juancho Talarga · wall_segment Palisade Wall x1 |
| 15:46 | Juancho Talarga · first_building Archery Range |
| 15:54 | Juancho Talarga · wall_segment Palisade Wall x1 |
| 16:00 | Juancho Talarga · wall_segment Palisade Wall x7 |
| 16:20 | Juancho Talarga · wall_segment Palisade Wall x6 |
| 16:52 | Juancho Talarga · first_building Stable |
| 17:04 | Juancho Talarga · age_up castle |
| 17:04 | koray · wall_segment Palisade Wall x1 |
| 17:23 | koray · age_up castle |
| 17:27 | Juancho Talarga · first_market_buy 100 wood |
| 17:49 | koray · wall_segment Palisade Wall x1 |
| 17:50 | koray · wall_segment Palisade Wall x1 |
| 18:51 | koray · wall_segment Palisade Wall x1 |
| 18:52 | koray · wall_segment Palisade Wall x1 |
| 22:34 | Juancho Talarga · first_building Monastery |
| 22:37 | koray · first_building Siege Workshop |
| 23:16 | koray · first_building Castle |
| 24:48 | koray · first_market_buy 100 food |
| 28:00 | Juancho Talarga · first_market_sell 100 food |
| 28:17 | Juancho Talarga · first_building Siege Workshop |
| 29:01 | Juancho Talarga · first_building Castle |
| 29:33 | koray · first_building Stable |
| 31:53 | Juancho Talarga · age_up imperial |
| 38:09 | koray · age_up imperial |
| 41:43 | Juancho Talarga · resign |
[ AI ANALYSIS · 1 CREDIT ]
What really happened in this match?
Wolo.gg analyzes every decision: build order, eco, micro, common mistakes by bracket. Personalized analysis on WhatsApp or Discord in 30 seconds.
Civ guide
Burgundians
Perfil
Jugador #4872716